 Dungeon Crawl Stone Soup version 0.21.1-1-g345015fe64 (webtiles) character file.

119 Kohma the Shield-Bearer (level 5, -2/33 HPs)
             Began as a Gargoyle Fighter on June 19, 2018.
             Slain by a white imp (5 damage)
             ... summoned by Natasha
             ... on level 2 of the Dungeon.
             The game lasted 00:03:25 (1812 turns).

Kohma the Shield-Bearer (Gargoyle Fighter)          Turns: 1812, Time: 00:03:26

Health: -2/33      AC: 14    Str: 21    XL:     5   Next: 3%
Magic:  5/5        EV:  7    Int:  8    God:
Gold:   88         SH:  9    Dex:  9    Spells: 4/4 levels left

rFire    . . .     SeeInvis .   a - +0 flail
rCold    . . .     Gourm    .   c - +0 shield
rNeg     + . .     Faith    .   b - +0 scale mail
rPois    ∞         Spirit   .   n - +2 helmet
rElec    +         Reflect  .   (no cloak)
rCorr    .         Harm     .   (no gloves)
MR       .....                  (no boots)
Stlth    ..........             (no amulet)
HPRegen  0.11/turn              (no ring)
MPRegen  0.09/turn              (no ring)

@: slowed, very slow
A: negative energy resistance 1, electricity resistance, unbreathing,
petrification resistance, rot immunity, AC +4
a: no special abilities


You were on level 2 of the Dungeon.
You were not hungry.

You visited 1 branch of the dungeon, and saw 2 of its levels.

You collected 88 gold pieces.

Inventory:

Hand Weapons
 a - a +0 flail (weapon)
Missiles
 i - 12 bolts
Armour
 b - a +0 scale mail (worn)
 c - a +0 shield (worn)
 n - a +2 helmet (worn)
Jewellery
 l - an uncursed ring of stealth {unknown}
 o - a cursed amulet of inaccuracy {unknown}
 q - a +5 ring of dexterity {unknown}
Scrolls
 m - 3 scrolls of magic mapping {unknown}
Potions
 d - a potion of might
 e - a potion of heal wounds {unknown}
 g - 2 potions of agility {unknown}
 h - a potion of ambrosia {unknown}
 k - a potion of curing {unknown}
 p - a potion of invisibility {unknown}
 r - a potion of brilliance {unknown}
Comestibles
 f - 7 rations
 j - a chunk of flesh


   Skills:
 + Level 4.0 Fighting
 + Level 2.8 Maces & Flails
 + Level 4.0 Armour
 * Level 4.5 Shields


You had 4 spell levels left.
You didn't know any spells.

Dungeon Overview and Level Annotations

Branches:
Dungeon (2/15)

Altars:

Annotations:
D:2 Natasha


Innate Abilities, Weirdness & Mutations

You are resistant to torment.
Your stone body is resilient. (AC +4)
You are immune to poison.
You resist negative energy. (rN+)
You are resistant to electric shocks. (rElec)
You can survive without breathing.
You are immune to petrification.
You are immune to rotting.


Message History

Natasha howls an incantation.
Natasha shimmers violently.
Natasha claws you but does no damage.
You miss Natasha.
Natasha is severely wounded.
The crimson imp disappears in a puff of smoke!
You block Natasha's attack. x2
You barely miss Natasha.
Natasha is severely wounded.
Natasha mumbles some strange words.
You barely miss Natasha.
Natasha is severely wounded.
You block Natasha's attack. Natasha casts a spell at you.
The magic dart hits you!
* * * LOW HITPOINT WARNING * * *
The white imp hits you.
* * * LOW HITPOINT WARNING * * *
The white imp freezes you.
You die...

#.....#.# #....# #.....
......#.# #....##### #..[..
#...#.#.# #........# #.....
###.#.#.# #........# #.[...
......#.# #(.......# ######
###.###.# #.....<..# #.# #.#
#........# #.# #)#
#.5......# #.###.#
#.h@.....#
#...#.######........#
###.#...............#
#.#.######....#.#(#
#.#############.#.#
#...............#.#
#.###############.##########
### #......^...#
##########.#


You could see Natasha and a white imp.

Vanquished Creatures
  Terence (D:2)
  Natasha (twice) (D:2)
  3 worms (D:2)
  2 dart slugs (D:2)
  A leopard gecko (D:2)
  3 bats
  A giant cockroach (D:1)
  6 goblins
  2 hobgoblins
  3 jackals (D:1)
  4 kobolds (D:2)
  A quokka (D:2)
  4 frilled lizards
  5 rats
38 creatures vanquished.

Notes
Turn   | Place    | Note
-------+----------+-------------------------------------------
     0 | D:1      | Kohma the Gargoyle Fighter began the quest for the Orb.
     0 | D:1      | Reached XP level 1. HP: 14/14 MP: 1/1
   197 | D:1      | Reached XP level 2. HP: 19/19 MP: 2/2
   707 | D:2      | Noticed Terence
   733 | D:2      | Killed Terence
   733 | D:2      | Reached XP level 3. HP: 15/24 MP: 3/3
  1084 | D:2      | Reached XP level 4. HP: 22/29 MP: 4/4
  1296 | D:2      | Noticed Natasha
  1305 | D:2      | Killed Natasha
  1728 | D:2      | Noticed Natasha
  1735 | D:2      | Killed Natasha
  1735 | D:2      | Reached XP level 5. HP: 29/33 MP: 5/5
  1795 | D:2      | Noticed Natasha
  1812 | D:2      | Slain by a white imp

Skill      XL: |  1  2  3  4 |
---------------+-------------+-----
Shields        | 4 |  4.5
Fighting       | 4 |  4.0
Armour         | 4 |  4.0
Maces & Flails | |  2.8

Action                   |  1- 3 |  4- 6 || total
-------------------------+-------+-------++-------
Melee: Flail             |   125 |    59 ||   184
  Eat: Chunk             |     1 |     2 ||     3
Armor: Scale mail        |    77 |    26 ||   103
Dodge: Dodged            |    37 |    21 ||    58
Block: Shield            |    94 |    36 ||   130
